 Dungeon Crawl Stone Soup version 0.22-a0-351-g29664b4 (webtiles) character file.

46489 vishdafish the Spear-Bearer (level 14, 0/116 HPs)
             Began as an Octopode Berserker on Apr 13, 2018.
             Was the Champion of Trog.
             Slain by a troll (2 damage)
             ... led by an orc warlord
             ... on level 10 of the Dungeon.
             The game lasted 00:30:05 (21963 turns).

vishdafish the Spear-Bearer (Octopode Berserker)   Turns: 21963, Time: 00:30:05

Health: 0/116      AC:  7    Str: 21    XL:     14   Next: 37%
Magic:  14/14      EV: 18    Int: 20    God:    Trog [******]
Gold:   929        SH: 13    Dex: 11    Spells: 13/13 levels left

rFire    . . .     SeeInvis +   G - +2 trident (protect)
rCold    + . .     Gourm    .   q - +0 shield {AC+3}
rNeg     + + +     Faith    +   X - +0 hat
rPois    .         Spirit   .   z - amulet of faith
rElec    .         Reflect  .   w - ring of positive energy
rCorr    .         Harm     .   y - ring of protection from cold
MR       ++...                  E - ring of wizardry
Stlth    ++++......             H - ring of positive energy
HPRegen  0.29/turn              J - +5 ring of intelligence
MPRegen  0.14/turn              R - ring of positive energy
                                a - ring of Ijeu {MR+ Str+3 SInv Stlth+}
                                (no ring)

@: about to teleport, berserk cooldown, slowed, very slow
A: almost no armour, stealthy swim, amphibious, 8 rings, constrict 8, tentacle
spike 1, slimy green scales 2, camouflage 1, robust 1, strong 1, gelatinous body
1
a: Berserk, Trog's Hand, Brothers in Arms, Renounce Religion


You were on level 10 of the Dungeon.
You worshipped Trog.
Trog was exalted by your worship.
You were hungry.

You visited 3 branches of the dungeon, and saw 18 of its levels.

You collected 929 gold pieces.

Inventory:

Hand Weapons
 G - a +2 trident of protection (weapon)
 U - a +2 antimagic trident
Missiles
 j - 216 sling bullets
 o - 8 silver tomahawks (quivered)
 D - 3 javelins of penetration
Armour
 q - a +0 shield of protection (worn)
 X - a +0 hat (worn)
Jewellery
 a - the ring of Ijeu (on tentacle) {MR+ Str+3 SInv Stlth+}
   (You found it on level 6 of the Lair of Beasts)

   [ring of protection from magic]

   It affects your strength (+3).
   It affects your resistance to hostile enchantments.
   It lets you see invisible.
   It makes you more stealthy.
 w - a ring of positive energy (left tentacle)
 y - a ring of protection from cold (right tentacle)
 z - an amulet of faith (around mantle)
 E - a ring of wizardry (on tentacle)
 H - a ring of positive energy (on tentacle)
 J - a +5 ring of intelligence (on tentacle)
 M - an uncursed ring of ice
 R - a ring of positive energy (on tentacle)
Wands
 n - a wand of random effects (57)
 u - a wand of digging (22)
 x - a wand of acid (2)
 I - a wand of paralysis (16)
 S - a wand of iceblast (7)
 Z - a wand of scattershot (7)
Scrolls
 c - 4 scrolls of enchant weapon
 d - 2 scrolls of noise
 e - 2 scrolls of magic mapping {unknown}
 g - 2 scrolls of teleportation
 k - 12 scrolls of remove curse
 m - 3 scrolls of enchant armour {unknown}
 r - 2 scrolls of fear {unknown}
 s - 6 scrolls of amnesia
 t - 2 scrolls of immolation
 T - a scroll of acquirement {unknown}
 W - 2 scrolls of fog {unknown}
 Y - a scroll of identify
Potions
 f - 6 potions of curing
 l - a potion of resistance
 p - 2 potions of magic
 v - 4 potions of degeneration
 A - a potion of lignification
 B - 3 potions of brilliance
 C - a potion of agility
 K - 2 potions of invisibility
 N - a potion of berserk rage
 O - 5 potions of heal wounds
 P - 2 potions of might
Miscellaneous
 Q - a phial of floods
Comestibles
 b - 21 rations
 h - a chunk of flesh


   Skills:
 + Level 13.1 Fighting
 + Level 13.4 Polearms
 + Level 10.3 Dodging
 - Level 3.6 Stealth
 + Level 12.6 Shields


You had 13 spell levels left.
You didn't know any spells.

Dungeon Overview and Level Annotations

Branches:
Dungeon (11/15)            Temple (0/1) D:4            Lair (6/6) D:10
  Swamp (0/4) Lair:4        Snake (0/4) Lair:2        Slime (0/5) Lair:6
    Orc (1/2) D:10

Altars:
Fedhas
Kikubaaqudgha
Nemelex Xobeh
Okawaru
Qazlal
Sif Muna
Trog
Uskayaw
Vehumet
Xom
Jiyva

Annotations:
Lair:6 1 runed door


Innate Abilities, Weirdness & Mutations

You cannot wear most types of armour.
You are very stealthy in the water. (Stealth+)
You are amphibious.
You can wear up to eight rings at the same time.
You can use your tentacles to constrict eight enemies at once.
Your skin changes colour to match your surroundings (Stealth+).
Your rubbery body absorbs attacks. (AC +1, EV +1)
One of your tentacles bears a spike.
You are mostly covered in slimy green scales. (AC +3)
You are robust. (+10% HP)
Your muscles are strong. (Str +2)


Message History

The orc barely misses you.
The orc warrior hits you with a trident.
* * * LOW HITPOINT WARNING * * *
The troll bites you!
* * * LOW HITPOINT WARNING * * *
The troll claws you.
* * * LOW HITPOINT WARNING * * *
The troll claws you but does no damage.
The orc sorcerer hits you with a dagger.
* * * LOW HITPOINT WARNING * * *
You can move again.
You are too berserk!
You feel a strong urge to attack something.
You block the orc's attack.
You are no longer berserk.
You are exhausted.
You feel yourself slow down.
As you read the scroll of teleportation, it crumbles to dust.
You feel strangely unstable. The troll bites you.
You die...

'###### #..........# #..........
..#...# #.......#..# #..........
#.###(####.......##.###..........
#.....'....#........#.'..........
#####.#.#####.......'.#..........
....#.#.## #.[o....###..........
#.###.#..####.)ooo..# #..........
#.....##....'..To...# #..........
#############...@...# #..........
# ####.'#####.......... #


#PPP.PPPPPPPPP.###### # #P...P.P.....P.#### ######## ###P(PPP.PPP.P.P....#
.......####........P...P......### .......'..'..PPP.PPPPP.P.P....'..
.......####..P.....P...P.P....### .......# #..PPPPP.P.PPP.P....# You could see a
troll, an orc sorcerer, an orc warrior and 3 orcs.

Vanquished Creatures
  An orc warlord (D:10)
  3 dire elephants (Lair:6)
  Fannar (Lair:2)
  Josephine (D:11)
  A hydra (Lair:1)
  An anaconda (Lair:6)
  The ghost of aspa the Thaumaturge, a journeyman OpWz of Vehumet (D:11)
  3 two-headed ogres
  A catoblepas (Lair:6)
  3 death yaks (D:10)
  Urug (D:11)
  A deep troll (D:11)
  2 unseen horrors
  A wolf spider (Lair:6)
  3 manticores
  A cyclops (D:11)
  3 ugly things
  8 elephants
  2 ice statues
  A black mamba (Lair:6)
  A torpor snail (Lair:6)
  5 spiny frogs
  An efreet (D:11)
  5 komodo dragons
  An ice devil (Lair:3)
  A troll (D:10)
  2 polar bears
  15 blink frogs
  The ghost of vishdafish the Ducker, an amateur OpEE (D:4)
  9 hippogriffs
  A spriggan (D:9)
  2 wyverns
  28 yaks
  4 wraiths (D:11)
  3 basilisks
  Grum (Lair:1)
  A hungry ghost (D:10)
  A soldier ant (D:11)
  9 water moccasins
  5 porcupines
  Purgy (D:3)
  13 ice beasts
  2 phantoms (D:11)
  8 orc warriors
  A black bear (D:7)
  18 wolves
  3 centaurs
  7 ogres
  13 crocodiles
  3 big kobolds
  9 bullfrogs
  2 gnoll sergeants
  6 scorpions
  21 killer bees
  9 wights
  2 howler monkeys
  An electric eel (Lair:1)
  8 crimson imps
  A bullfrog zombie (D:5)
  A centaur zombie (D:5)
  A quasit (D:8)
  5 hounds
  3 jellies
  A gnoll shaman (D:5)
  11 orc priests
  Crazy Yiuf (D:2)
  2 bullfrog skeletons
  10 orc wizards
  4 iguanas
  Natasha (thrice) (D:2 D:4)
  5 worker ants
  A statue (D:8)
  2 hound skeletons
  A howler monkey zombie (D:8)
  2 worker ant zombies
  19 gnolls
  12 adders
  5 shadow imps
  A white imp (Lair:3)
  An ooze (D:4)
  2 adder skeletons
  A worm (D:2)
  A leopard gecko (D:11)
  40 orcs
  3 ball pythons
  13 bats
  7 giant cockroaches
  8 hobgoblins
  8 jackals
  5 quokkas
  3 frilled lizards
  8 goblins
  A jackal zombie (D:7)
  25 kobolds
  A quokka skeleton (D:9)
  3 rats
  2 plants (Lair:6)
485 creatures vanquished.

Vanquished Creatures (others)
  A hound (D:11)
  10 fungi
  10 plants
21 creatures vanquished.

Grand Total: 506 creatures vanquished

Notes
Turn   | Place    | Note
-------+----------+-------------------------------------------
     0 | D:1      | vishdafish the Octopode Berserker began the quest for the Orb.
     0 | D:1      | Reached XP level 1. HP: 16/16 MP: 1/1
    66 | D:1      | Reached XP level 2. HP: 21/21 MP: 2/2
   687 | D:2      | Noticed Natasha
   692 | D:2      | Noticed a crimson imp
   696 | D:2      | Killed Natasha
   696 | D:2      | Reached skill level 1 in Stealth
   696 | D:2      | Reached XP level 3. HP: 15/26 MP: 3/3
   792 | D:2      | Reached XP level 4. HP: 18/31 MP: 4/4
  1150 | D:2      | Reached XP level 5. HP: 37/37 MP: 5/5
  1199 | D:2      | Noticed a hand axe
  1199 | D:2      | Noticed a hand axe
  1201 | D:2      | Found a hide-covered altar of Uskayaw.
  1458 | D:2      | Found a runed door.
  1732 | D:2      | Reached ** piety under Trog
  1814 | D:2      | Found a blossoming altar of Fedhas.
  1860 | D:2      | Noticed Crazy Yiuf
  1866 | D:2      | Killed Crazy Yiuf
  1996 | D:3      | Found a deep blue altar of Sif Muna.
  2019 | D:3      | Reached XP level 6. HP: 25/43 MP: 6/6
  2160 | D:3      | Identified Sif Muna's Papyrus of Dark Arts
  2622 | D:3      | Reached skill level 5 in Polearms
  2630 | D:3      | Found an ancient bone altar of Kikubaaqudgha.
  2881 | D:4      | Found a staircase to the Ecumenical Temple.
  2890 | D:4      | Noticed vishdafish's ghost (amateur OpEE)
  2891 | D:4      | Noticed Purgy
  2999 | D:3      | Killed Purgy
  2999 | D:3      | Reached skill level 1 in Shields
  3047 | D:4      | Killed vishdafish's ghost
  3047 | D:4      | Reached XP level 7. HP: 49/49 MP: 7/7
  3221 | D:4      | Reached skill level 5 in Fighting
  3237 | D:4      | Noticed Natasha
  3242 | D:4      | Killed Natasha
  3451 | D:4      | Reached *** piety under Trog
  3824 | D:4      | Noticed Natasha
  3827 | D:4      | Killed Natasha
  3827 | D:4      | Reached XP level 8. HP: 54/56 MP: 8/8
  3907 | D:5      | Entered Level 5 of the Dungeon
  5436 | D:6      | Reached **** piety under Trog
  5639 | D:6      | Reached skill level 5 in Shields
  5997 | D:6      | Reached XP level 9. HP: 55/63 MP: 9/9
  6666 | D:7      | Received a gift from Trog
  7193 | D:7      | Found Emuneogh's Jewellery Shoppe.
  7650 | D:8      | Found an iron altar of Okawaru.
  7684 | D:8      | Noticed a cyan ugly thing
  7694 | D:8      | Killed a cyan ugly thing
  7694 | D:8      | Reached XP level 10. HP: 73/73 MP: 10/10
  7870 | D:8      | Found a shimmering altar of Xom.
  7892 | D:8      | Reached ***** piety under Trog
  7974 | D:8      | Received a gift from Trog
  8115 | D:8      | Noticed a two-headed ogre
  8125 | D:8      | Killed a two-headed ogre
  8517 | D:8      | Found a radiant altar of Vehumet.
  9055 | D:8      | Found a bloodstained altar of Trog.
  9214 | D:9      | Found a stormy altar of Qazlal.
  9239 | D:9      | Reached skill level 10 in Polearms
  9521 | D:9      | Reached XP level 11. HP: 81/81 MP: 11/11
  9628 | D:9      | Found a sparkling altar of Nemelex Xobeh.
  9913 | D:10     | Entered Level 10 of the Dungeon
  9979 | D:10     | Noticed a death yak
  9987 | D:10     | Noticed a death yak
  9987 | D:10     | Noticed a death yak
 10106 | D:10     | Noticed a two-headed ogre
 10120 | D:10     | Killed a two-headed ogre
 10120 | D:10     | Reached skill level 10 in Fighting
 10632 | D:10     | Killed an unseen horror
 11106 | D:10     | Found a staircase to the Orcish Mines.
 11112 | D:10     | Found a staircase to the Lair.
 11152 | D:10     | Killed a death yak
 11152 | D:10     | Reached skill level 5 in Dodging
 11161 | D:10     | Killed a death yak
 11172 | D:10     | Killed a death yak
 11719 | D:11     | Noticed Josephine
 11732 | D:11     | Killed Josephine
 11742 | D:11     | Reached skill level 10 in Shields
 11814 | D:11     | Reached XP level 12. HP: 62/89 MP: 12/12
 11823 | D:11     | Received a gift from Trog
 12115 | D:11     | Noticed a two-headed ogre
 12140 | D:11     | Killed a two-headed ogre
 12904 | D:11     | Noticed aspa's ghost (journeyman OpWz)
 12915 | D:11     | Killed aspa's ghost
 12997 | D:11     | Noticed Urug
 13010 | D:11     | Killed Urug
 13545 | D:11     | Gained mutation: You are dopey. (Int -2) [potion of mutation]
 13545 | D:11     | Gained mutation: You are partially covered in slimy green scales. (AC +2) [potion of mutation]
 13545 | D:11     | Gained mutation: You are robust. (+10% HP) [potion of mutation]
 13546 | D:11     | Lost mutation: You are dopey. (Int -2) [potion of mutation]
 13546 | D:11     | Lost mutation: You are robust. (+10% HP) [potion of mutation]
 13546 | D:11     | Gained mutation: Potions are less effective at restoring your health. [potion of mutation]
 13546 | D:11     | Gained mutation: You have a pair of small antennae on your head. [potion of mutation]
 13546 | D:11     | Gained mutation: You are mostly covered in slimy green scales. (AC +3) [potion of mutation]
 13977 | Lair:1   | Entered Level 1 of the Lair of Beasts
 14223 | Lair:1   | Noticed Grum
 14230 | Lair:1   | Killed Grum
 14233 | Lair:1   | Received a gift from Trog
 14278 | Lair:1   | Noticed a four-headed hydra
 14345 | Lair:1   | Killed a four-headed hydra
 14345 | Lair:1   | Reached XP level 13. HP: 89/96 MP: 13/13
 15414 | Lair:1   | Lost mutation: Potions are less effective at restoring your health. [potion of mutation]
 15414 | Lair:1   | Lost mutation: You have a pair of small antennae on your head. [potion of mutation]
 15414 | Lair:1   | Gained mutation: Your muscles are strong. (Str +2) [potion of mutation]
 15414 | Lair:1   | Gained mutation: You are robust. (+10% HP) [potion of mutation]
 15414 | Lair:1   | Gained mutation: One of your tentacles bears a spike. [potion of mutation]
 15909 | Lair:2   | Noticed Fannar
 15918 | Lair:2   | Found a staircase to the Snake Pit.
 15924 | Lair:2   | Killed Fannar
 16824 | Lair:3   | Found a sparkling altar of Nemelex Xobeh.
 17984 | Lair:4   | Found a staircase to the Swamp.
 18415 | Lair:4   | Reached ****** piety under Trog
 19188 | Lair:5   | Received a gift from Trog
 19818 | Lair:6   | Entered Level 6 of the Lair of Beasts
 20150 | Lair:6   | Found a runed door.
 20151 | Lair:6   | Found a viscous altar of Jiyva.
 20151 | Lair:6   | Noticed an azure jelly
 20155 | Lair:6   | Noticed an azure jelly
 20157 | Lair:6   | Found a staircase to the Slime Pits.
 20157 | Lair:6   | Noticed an azure jelly
 20649 | Lair:6   | Reached XP level 14. HP: 114/114 MP: 14/14
 21427 | Lair:6   | Reached skill level 10 in Dodging
 21597 | Lair:6   | Noticed a dire elephant
 21608 | Lair:6   | Killed a dire elephant
 21710 | Lair:6   | Noticed a dire elephant
 21710 | Lair:6   | Noticed a dire elephant
 21719 | Lair:6   | Killed a dire elephant
 21721 | Lair:6   | Killed a dire elephant
 21739 | Lair:6   | Got a translucent brass ring
 21740 | Lair:6   | Identified the ring of Ijeu {MR+ Str+3 SInv Stlth+} (You found it on level 6 of the Lair of Beasts)
 21890 | Orc:1    | Entered Level 1 of the Orcish Mines
 21890 | Orc:1    | Noticed an orc warlord
 21902 | D:10     | Killed an orc warlord
 21955 | D:10     | Paralysed by an orc sorcerer for 6 turns
 21960 | D:10     | HP: 3/174 [troll[an orc warlord] (6)]
 21960 | D:10     | HP: 1/174 [orc sorcerer/dagger[an orc warlord] (2)]
 21963 | D:10     | Slain by a troll

Vault maps used:
D:1:      onia_arrival_mini_spirals, kennysheep_decorative_pillar
D:2:      dancing_weapons_uskayaw, nicolae_overflow_hidden_temple,
          kennysheep_generic_room_7, uniq_crazy_yiuf_cottage, uniq_natasha
D:3:      marbit_many_paths, led_sif_book, serial_bayou, serial_bayou_lagoon_b,
          serial_bayou_pond_e, serial_bayou_shore_b, grunt_decor_fettered,
          kennysheep_generic_room_4
D:4:      minmay_temple_entry_overgrown, uniq_purgy
D:5:      first_ration, st_stairs_5
D:7:      serial_glass, glass_columns_c, glass_columns_a, glass_columns_a,
          serial_shops, shop
D:8:      vehumet_statue, okawaru_gym_becter, lightli_temple_of_fire,
          old_standard_altar
D:9:      lemuel_coloured_pillars_altar, grunt_pizzeria,
          nicolae_qazlal_style_of_elements
D:10:     dpeg_lair_monsters, orc_0_dummy, minmay_hedge_maze
D:11:     nzn_random_ring, uniq_urug, uniq_josephine
Lair:1:   lemuel_fruit_tree, wad_woods_river_01, uniq_grum
Lair:2:   dummy_snake_entry, grunt_megastairs_5, uniq_fannar
Lair:3:   basic_altar, ice2_lemuel, serial_bayou_shore_a
Lair:4:   minmay_swamp_entry_reptiles
Lair:6:   due_jungle_book, slime_altar_2, hangedman_lair_generics_rect,
          infiniplex_staircase_pool
Orc:1:    serial_shops, nicolae_shop_temple_entry_statues_fountains

Skill      XL: |  1  2  3  4  5  6  7  8  9 10 11 12 13 14 |
---------------+-------------------------------------------+-----
Stealth        | 1 2 3 |  3.6
Polearms       | 4 5 6 7 8 10 11 12 13 | 13.4
Fighting       | 4 5 6 8 9 10 11 12 13 | 13.1
Shields        | 2 3 5 7 8 10 11 12 | 12.6
Dodging        | 6 8 9 10 | 10.3

Action                   |  1- 3 |  4- 6 |  7- 9 | 10-12 | 13-15 || total
-------------------------+-------+-------+-------+-------+-------++-------
Melee: Spear             |    49 |   106 |   352 |   297 |       ||   804
       Tentacles         |     5 |    13 |    58 |   149 |   140 ||   365
       Constrict         |     8 |    13 |    59 |    77 |    48 ||   205
       Trident           |       |       |       |   499 |   671 ||  1170
       Kick              |       |       |       |       |   190 ||   190
Throw: Tomahawk          |       |       |       |     5 |       ||     5
Invok: Berserk           |     2 |     3 |    10 |    31 |    16 ||    62
Evoke: Wand              |       |       |       |     4 |     2 ||     6
  Use: Scroll            |       |       |    10 |     5 |     7 ||    22
       Potion            |       |       |     1 |     7 |     2 ||    10
 Stab: Sleeping          |     5 |    15 |    17 |    11 |    12 ||    60
       Invisible         |       |       |     1 |       |       ||     1
       Distracted        |       |       |       |     2 |     1 ||     3
       Paralysed         |       |       |       |     3 |       ||     3
  Eat: Chunk             |       |     8 |    16 |    26 |    22 ||    72
       Ration            |       |     1 |     2 |     8 |     5 ||    16
Armor: Skin              |     2 |     5 |    25 |    66 |    93 ||   191
Dodge: Dodged            |    14 |    41 |    97 |   210 |   254 ||   616
Block: Shield            |       |       |    67 |   248 |   252 ||   567

Table legend:
 A = Spawn XP
 B = Non-spawn XP
 C = Spawn XP percentage of total XP
 D = Spawn monster count
 E = Non-spawn monster count
 F = Spawn count percentage of total count
 G = Total turns spent on level
                    A         B        C        D         E        F      G
               +---------+---------+-------+---------+---------+-------+---------
         Total |       0 |   66414 |   0.0 |       0 |     483 |   0.0 | 21963
               +---------+---------+-------+---------+---------+-------+---------
           D:1 |       0 |      25 |   0.0 |       0 |      15 |   0.0 |   687
           D:2 |       0 |     221 |   0.0 |       0 |      26 |   0.0 |  1266
           D:3 |       0 |     315 |   0.0 |       0 |      23 |   0.0 |  1016
           D:4 |       0 |     667 |   0.0 |       0 |      21 |   0.0 |   938
           D:5 |       0 |     778 |   0.0 |       0 |      32 |   0.0 |  1450
           D:6 |       0 |     519 |   0.0 |       0 |      17 |   0.0 |   972
           D:7 |       0 |    1472 |   0.0 |       0 |      31 |   0.0 |  1250
           D:8 |       0 |    3826 |   0.0 |       0 |      63 |   0.0 |  1517
           D:9 |       0 |    1881 |   0.0 |       0 |      31 |   0.0 |   920
          D:10 |       0 |    8000 |   0.0 |       0 |      29 |   0.0 |  1653
          D:11 |       0 |   13820 |   0.0 |       0 |      62 |   0.0 |  2387
        Lair:1 |       0 |    6343 |   0.0 |       0 |      30 |   0.0 |  1701
        Lair:2 |       0 |    4578 |   0.0 |       0 |      23 |   0.0 |  1060
        Lair:3 |       0 |    3323 |   0.0 |       0 |      20 |   0.0 |  1012
        Lair:4 |       0 |    3162 |   0.0 |       0 |      16 |   0.0 |  1480
        Lair:5 |       0 |     899 |   0.0 |       0 |       4 |   0.0 |   645
        Lair:6 |       0 |   16585 |   0.0 |       0 |      40 |   0.0 |  2004
               +---------+---------+-------+---------+---------+-------+---------
